 Dungeon Crawl Stone Soup version 0.32-a0-960-g3814254bd7 (webtiles) character file.

Game seed: 109795316291017207

42 trashops the Covered (level 3, -2/33 HPs)
             Began as a Mountain Dwarf Fighter on Apr 17, 2024.
             Slain by Terence
             ... wielding a +0 flail
              (6 damage)
             ... on level 2 of the Dungeon.
             The game lasted 00:01:20 (707 turns).

trashops the Covered (Mountain Dwarf Fighter)        Turns: 707, Time: 00:01:20

Health: -2/33      AC:  6    Str: 20    XL:     3   Next: 33%
Magic:  3/3        EV:  8    Int:  8    God:
Gold:   6          SH:  4    Dex:  9    Spells: 2/2 levels left

rFire   . . .        a - +0 war axe
rCold   . . .        c - +0 buckler
rNeg    . . .        b - +0 scale mail
rPois   .            (no helmet)
rElec   .            (no cloak)
rCorr   .            (no gloves)
SInv    .            (no boots)
Will    .....        (no amulet) Stlth
                     (no ring)
HPRegen 0.25/turn    (no ring)
MPRegen 0.08/turn

%: no passive effects
@: no status effects
A: runic magic, artefact enchanting
a: no special abilities


You were on level 2 of the Dungeon.
You visited 1 branch of the dungeon, and saw 2 of its levels.

You collected 6 gold pieces.

Inventory:

Hand Weapons
 a - a +0 war axe (weapon)
Armour
 b - a +0 scale mail (worn)
 c - a +0 buckler (worn)
Scrolls
 e - 2 scrolls of identify
 i - a scroll of immolation
Potions
 d - a potion of might
 g - a potion of curing
 h - a potion of ambrosia


   Skills:
 + Level 3.6 Fighting
 * Level 3.6 Axes
 + Level 3.6 Armour
 + Level 3.5 Shields


You had 2 spell levels left.
You didn't know any spells.
Your spell library contained the following spells:

 Spells                   Type           Power      Damage    Failure   Level
 Summon Small Mammal      Summ           0%         N/A       56%         1
 Animate Dead             Necr           0%         N/A       100%        4
 Borgnjor's Vile Clutch   Necr/Erth      0%         N/A       100%        5
 Death Channel            Necr           0%         N/A       100%        6


Dungeon Overview and Level Annotations

Branches:
Dungeon (2/15)

Altars:

Shops:
D:1 [

Annotations:
D:2 Terence


Innate Abilities, Weirdness & Mutations

Your spellcasting is much less encumbered by armour.
You can use scrolls of enchantment on lesser artefacts.


Message History

An endoplasm comes into view.
The endoplasm quivers.
An endoplasm is nearby!
The endoplasm jiggles.
The endoplasm barely misses you.
You hit the endoplasm but do no damage. The endoplasm barely misses you.
You hit the endoplasm.
The endoplasm is heavily wounded.
The endoplasm barely misses you. x2
You slash the endoplasm!
You kill the endoplasm!
No target in view!
Found a stone staircase leading down.
Terence the Incautious comes into view.
He is wielding a +0 flail.
Found a scale mail.
Terence screams, "I'm going to kill you!"
A ball python comes into view.
The ball python hisses angrily.
You block Terence's attack.
You hit Terence.
Terence is lightly wounded.
Terence hits you with a +0 flail! x2
You hit Terence.
Terence is moderately wounded.
Terence closely misses you. The ball python barely misses you. x2
You hit Terence but do no damage.
Terence is moderately wounded.
You hit the ball python. Terence hits you with a +0 flail!
* * * LOW HITPOINT WARNING * * *
The ball python closely misses you. The ball python grabs you.
The ball python constricts you.
* * * LOW HITPOINT WARNING * * *
You slash the ball python!
You kill the ball python!
You completely miss Terence. You block Terence's attack.
Found 10 gold pieces.
Terence closely misses you.
You see here a ball python corpse.
Terence attacks as he pursues you! Terence hits you with a +0 flail.
You die...
Terence says, "That felt goooood."

..............††......
..#######...#....#######
......##...#..####
#........## #...##..###
#...##...># #...#...###
#.....### #.@@###
#.......... #!..##.⌠...
......# ..$. .....[.#
... #........# ..
#........# . #........#


You could see Terence.

Vanquished Creatures
  2 dart slugs (D:1)
  2 bats (D:1)
  An endoplasm (D:2)
  2 giant cockroaches
  4 goblins
  A hobgoblin (D:1)
  7 jackals (D:1)
  3 kobolds (D:1)
  3 quokkas
  3 ball pythons
  2 frilled lizards (D:1)
  2 rats
32 creatures vanquished.

Notes
Turn   | Place    | Note
-------+----------+-------------------------------------------
     0 | D:1      | trashops the Mountain Dwarf Fighter began the quest for the
                  | Orb.
     0 | D:1      | Reached XP level 1. HP: 19/19 MP: 1/1
    89 | D:1      | Reached XP level 2. HP: 26/26 MP: 2/2
   219 | D:1      | Found Utotor's Armour Boutique.
   401 | D:1      | Found a faded altar of an unknown god.
   414 | D:1      | Got Plato's Atlas of Calling
   492 | D:1      | Reached XP level 3. HP: 29/33 MP: 3/3
   698 | D:2      | Noticed Terence
   707 | D:2      | Slain by Terence

Illustrated notes

Levels and vault maps discovered:
D:1:      lightli_iron_boxes, layout_loops_ring,
          shapermc_ecumenical_altar_rom_forum, serial_shops,
          nicolae_shop_window_shopping
D:2:      minmay_skewed_foursquare, layout_rooms, basic_altar,
          kennysheep_generic_room_8, uniq_robin, uniq_natasha, uniq_terence,
          uniq_jessica

Skill      XL: |  1  2 |
---------------+-------+-----
Axes           | 3 |  3.6
Fighting       | |  3.6
Armour         | |  3.6
Shields        | |  3.5

Action                     || total
---------------------------++-------
  Melee: War axe           ||    87
    Use: Potion            ||     3
         Scroll            ||     1
 Armour: Scale mail        ||    63
  Dodge: Dodged            ||    52
  Block: Buckler           ||    21

Table legend: (Time is in decaauts)
 A = Elapsed time spent in this place.
 B = Non-inter-level travel time spent in this place.
 C = Inter-level travel time spent in this place.
 D = Time resting spent in this place.
 E = Time spent auto-exploring this place.
 F = Levels seen in this place.
 G = Mean time per level.
                   A        B        C        D        E       F      G
               +--------+--------+--------+--------+--------+-----+--------+
         Total |    739 |    718 |     21 |      0 |    508 |   2 |  369.5 |
       Dungeon |    739 |    718 |     21 |      0 |    508 |   2 |  369.5 |
               +--------+--------+--------+--------+--------+-----+--------+

Top non-repeatable levels by time:
     D:1: 671 daAuts
     D:2: 67 daAuts
